 Dungeon Crawl Stone Soup version 0.22.1-2-g9c5b331383 (webtiles) character file.

63375 Gargoyl the Corrupter of Planes (level 14, -11/118 HPs)
             Began as a Centaur Abyssal Knight on Nov 19, 2018.
             Was the Champion of Lugonu.
             Killed from afar by a fire giant (48 damage)
             ... with a fireball
             ... on level 11 of the Dungeon.
             The game lasted 00:57:08 (32261 turns).

Gargoyl the Corrupter of Planes (CeAK)             Turns: 32261, Time: 00:57:09

Health: -11/118    AC: 22    Str: 27    XL:     14   Next: 67%
Magic:  22/22      EV:  6    Int: 18    God:    Lugonu [******]
Gold:   1162       SH: 17    Dex: 11    Spells: 13/13 levels left

rFire    . . .     SeeInvis .   L - +12 war axe of Ingidghid {venom, Int+5}
rCold    + . .     Gourm    .   q - +0 large shield
rNeg     + . .     Faith    .   B - +3 chain mail "Kanen" {*Drain rN+ Str+6}
rPois    .         Spirit   .   y - +2 hat {MR+}
rElec    .         Reflect  .   o - +2 cloak (curse)
rCorr    .         Harm     .   f - +1 pair of gloves
MR       +++..                  (no barding)
Stlth    ..........             (no amulet)
HPRegen  0.29/turn              d - +3 ring of strength
MPRegen  0.18/turn              p - ring of protection from cold

@: very quick
A: large, hooves 3, clever 1, deformed body, speed 2, magic resistance 1, tough
skin 3
a: Depart the Abyss, Bend Space, Banish, Corrupt, Enter the Abyss, Brand Weapon
With Distortion, Renounce Religion


You were on level 11 of the Dungeon.
You worshipped Lugonu.
Lugonu was exalted by your worship.
You were not hungry.

You visited 2 branches of the dungeon, and saw 17 of its levels.
You visited the Abyss 1 time.
You also visited: Ice Cave.

You collected 1757 gold pieces.
You spent 595 gold pieces at shops.

Inventory:

Hand Weapons
 a - a +1 hand axe
 r - a +4 flail of venom
 s - a +0 war axe
 v - a +0 long sword of slicing
 L - the +12 war axe of Ingidghid (weapon) {venom, Int+5}
   (You bought it in a shop on level 10 of the Dungeon)

   It poisons the flesh of those it strikes.
   It affects your intelligence (+5).
Missiles
 m - 8 javelins (quivered)
Armour
 f - a +1 pair of gloves (worn)
 o - a cursed +2 cloak (worn)
 q - a +0 large shield (worn)
 y - a +2 hat of magic resistance (worn)
 B - the +3 chain mail "Kanen" (worn) {*Drain rN+ Str+6}
   (You found it on level 1 of the Lair of Beasts)

   It affects your strength (+6).
   It protects you from negative energy.
   It causes draining when unequipped.
Jewellery
 d - a +3 ring of strength (left hand)
 p - a ring of protection from cold (right hand)
 E - an uncursed ring of protection from magic {unknown}
 I - a cursed -2 ring of evasion {unknown}
Wands
 e - a wand of flame (16)
 j - a wand of random effects (32)
 w - a wand of polymorph (13)
 x - a wand of clouds (4)
 A - a wand of paralysis (12)
 F - a wand of enslavement (13)
 H - a wand of digging (9)
Scrolls
 b - a scroll of blinking
 h - 10 scrolls of remove curse
 k - a scroll of fog {unknown}
 l - 8 scrolls of identify
 n - 8 scrolls of teleportation
 G - a scroll of holy word
 J - a scroll of magic mapping {unknown}
 K - a scroll of brand weapon {unknown}
Potions
 i - 5 potions of brilliance
 t - a potion of resistance
 u - 3 potions of heal wounds
 z - 2 potions of flight
 C - 3 potions of curing
 D - a potion of haste
Miscellaneous
 g - a lightning rod (4/4)
Comestibles
 c - 25 rations


   Skills:
 + Level 9.1 Fighting
 + Level 6.9(9.8) Axes
 + Level 10.8(11.6) Maces & Flails
 + Level 1.5 Throwing
 * Level 11.1 Armour
 + Level 3.8 Dodging
 + Level 7.3 Shields
 * Level 11.9 Invocations
 + Level 0.3 Evocations


You had 13 spell levels left.
You didn't know any spells.
Your spell library contained the following spells:

 Spells                   Type           Power        Failure   Level  Hunger
 Beastly Appendage        Tmut           #.....       99%         1    ##.....
 Confusing Touch          Hex            #.....       99%         1    ##.....
 Corona                   Hex            #......      99%         1    ##.....
 Freeze                   Ice            #...         99%         1    ##.....
 Sting                    Conj/Pois      #...         99%         1    ##.....
 Ensorcelled Hibernation  Hex/Ice        #.....       100%        2    ###....
 Poisonous Vapours        Pois/Air       #.....       100%        2    ###....
 Sticks to Snakes         Tmut           #.......     100%        2    ###....
 Throw Frost              Conj/Ice       #.....       100%        2    ###....
 Confuse                  Hex            #.......     100%        3    ####...
 Dazzling Spray           Conj/Hex       #.....       100%        3    ####...
 Gell's Gravitas          Tloc           #.........   100%        3    ####...
 Mephitic Cloud           Conj/Pois/Air  #.......     100%        3    ####...
 Ozocubu's Armour         Chrm/Ice       #.......     100%        3    ####...
 Spider Form              Tmut/Pois      #.........   100%        3    ####...
 Tukima's Dance           Hex            #.......     100%        3    ####...
 Ice Form                 Ice/Tmut       #.......     100%        4    #####..
 Olgreb's Toxic Radiance  Pois           #.......     100%        4    #####..
 Petrify                  Tmut/Erth      #.......     100%        4    #####..
 Summon Ice Beast         Ice/Summ       #.......     100%        4    #####..
 Throw Icicle             Conj/Ice       #.......     100%        4    #####..
 Blade Hands              Tmut           #.........   100%        5    ######.
 Metabolic Englaciation   Hex/Ice        #.........   100%        5    ######.
 Venom Bolt               Conj/Pois      #.........   100%        5    ######.
 Yara's Violent Unravell  Hex/Tmut       #.........   100%        5    ######.


Dungeon Overview and Level Annotations

Branches:
Dungeon (11/15)            Temple (0/1) D:5            Lair (6/6) D:9
 Shoals (0/4) Lair:4        Snake (0/4) Lair:4        Slime (0/5) Lair:5
    Orc (0/2) D:10

Altars:
Cheibriados
Fedhas
Okawaru
Qazlal
Ru
Uskayaw
The Shining One

Shops:
D:4 %   D:8 =[*[}   D:10 (

Annotations:
D:8 Maurice
D:11 sipior's ghost, novice TrCj


Innate Abilities, Weirdness & Mutations

You have hooves in place of feet.
Armour fits poorly on your strangely shaped body.
You cover ground very quickly.
You have extremely tough skin. (AC +3)
Your mind is acute. (Int +2)
You are resistant to hostile enchantments. (MR+)


Message History

The fire giant hits you with a great sword of flaming!
The fire giant burns you.
Your shield and chain mail "Kanen" prevent you from hitting the fire giant.
The fire giant is moderately wounded.
The fire giant gestures at you while chanting.
The bolt of fire hits you!
You hit the fire giant but do no damage.
You kick the fire giant.
The fire giant is heavily wounded.
The fire giant hits you with a great sword of flaming!!
* * * LOW HITPOINT WARNING * * *
The fire giant burns you!
* * * LOW HITPOINT WARNING * * *
Press: ? - help, Shift-Dir - straight line, f - fire giant
Aim: a fire giant, wielding a great sword of flaming (black smoke, heavily
Okay, then.
You feel much better.
The fire giant points at you and mumbles some strange words.
The fireball explodes!
The fireball engulfs you!
You die...

#.... ....#
#..##.#.#
#..<....#
#.......#
#...#.#.###
#.........#
##.#†.#.#.#
#####.#§...#
#.§§#@§§.###.#
#.§WC§§§.....#
#[§§#§#.........
###.)......###
####.###.# ...
.# #... # #$..#
...#


You could see a fire giant and sipior's ghost.

Vanquished Creatures
  Gastronok (Lair:1)
  Kirke (Lair:4)
  A dire elephant (Lair:6)
  A hydra (Lair:2)
  An ice dragon (Lair:6)
  Erica (D:7)
  A catoblepas (Lair:6)
  6 two-headed ogres
  12 death yaks
  Sonja (Lair:3)
  2 lindwurms (Lair:6)
  2 manticores (Lair:6)
  31 elephants
  3 black mambas
  A gargoyle (D:10)
  Psyche (D:7)
  6 torpor snails (Lair:6)
  3 komodo dragons
  8 spiny frogs
  4 rime drakes (Lair:6)
  3 tyrant leeches (Lair:6)
  A polar bear (Lair:6)
  3 trolls (D:10)
  6 hornets (Lair:6)
  Grinder (D:3)
  14 hippogriffs
  A snapping turtle (Lair:4)
  15 dream sheep
  9 blink frogs
  9 yaks
  12 wyverns
  2 basilisks (Lair:6)
  A hog (Lair:4)
  3 hungry ghosts
  5 water moccasins
  Edmund (D:6)
  A naga (Lair:4)
  3 hell hounds
  6 porcupines
  9 orc warriors
  4 black bears
  11 ice beasts
  5 sky beasts
  2 phantoms
  2 wolves (Lair:6)
  10 ogres
  16 crocodiles
  4 centaurs
  A big kobold (D:7)
  10 bullfrogs
  A gnoll sergeant (D:10)
  A wyvern skeleton (D:6)
  4 scorpions
  7 killer bees
  A troll zombie (D:10)
  A wight (D:10)
  2 howler monkeys
  5 electric eels (D:10)
  2 crimson imps
  A bullfrog zombie (D:4)
  7 orc priests
  16 jellies
  6 hounds
  A gnoll shaman (D:4)
  4 iguanas
  Crazy Yiuf (D:5)
  Jessica (D:2)
  8 worker ants
  16 orc wizards
  A killer bee zombie (D:3)
  5 ogre zombies (D:10)
  A worker ant zombie (D:8)
  A howler monkey skeleton (D:8)
  20 adders
  14 gnolls
  4 shadow imps
  5 oozes
  2 adder zombies
  3 dart slugs
  3 worms
  5 leopard geckos
  46 orcs
  19 bats
  7 giant cockroaches
  10 goblins
  11 hobgoblins
  7 jackals
  7 kobolds
  5 quokkas
  2 ball pythons
  9 frilled lizards
  A goblin skeleton (D:10)
  A hobgoblin skeleton (D:10)
  2 hobgoblin zombies (D:10)
  An orc skeleton (D:10)
  14 orc zombies (D:10)
  8 rats
  4 fungi
  2 plants
562 creatures vanquished.

Vanquished Creatures (others)
  A hydra (Lair:6)
  A lindwurm (Lair:6)
  A manticore (Lair:6)
  3 humans (Lair:5)
  44 fungi
  59 plants
109 creatures vanquished.

Grand Total: 671 creatures vanquished

Notes
Turn   | Place    | Note
-------+----------+-------------------------------------------
     0 | Abyss:1  | Gargoyl the Centaur Abyssal Knight began the quest for the
                  | Orb.
     0 | Abyss:1  | Reached XP level 1. HP: 19/19 MP: 2/2
    33 | Abyss:1  | Noticed a raiju
    34 | Abyss:1  | Noticed a small abomination
    34 | Abyss:1  | Noticed a balrug
    58 | Abyss:1  | Found a corrupted altar of Lugonu.
    63 | Abyss:1  | Noticed a smoke demon
    83 | Abyss:1  | Noticed a small abomination
   113 | Abyss:1  | Noticed a small abomination
   139 | Abyss:1  | Noticed a thrashing horror
   145 | D:1      | Escaped the Abyss
   288 | D:1      | Reached XP level 2. HP: 18/26 MP: 3/3
   292 | D:1      | Reached * piety under Lugonu
   809 | D:1      | Reached XP level 3. HP: 32/33 MP: 4/4
   922 | D:2      | Noticed Jessica
   934 | D:2      | Killed Jessica
   934 | D:2      | Reached XP level 4. HP: 34/40 MP: 3/5
  1782 | D:2      | Reached ** piety under Lugonu
  1851 | D:2      | Found a blossoming altar of Fedhas.
  2518 | D:3      | Reached XP level 5. HP: 25/46 MP: 5/7
  2974 | D:3      | Noticed Grinder
  2993 | D:3      | Killed Grinder
  2993 | D:3      | Reached skill level 1 in Dodging
  2993 | D:3      | Reached XP level 6. HP: 21/53 MP: 3/8
  4090 | D:4      | Gained mutation: Your spells are a little easier to cast,
                  | but a little less powerful. [potion of mutation]
  4090 | D:4      | Gained mutation: You have very sharp teeth. [potion of
                  | mutation]
  4131 | D:5      | Entered Level 5 of the Dungeon
  4409 | D:5      | Noticed an ice beast
  4421 | D:4      | Killed an ice beast
  4421 | D:4      | Reached XP level 7. HP: 47/60 MP: 6/9
  4536 | D:4      | Lost mutation: You have very sharp teeth. [potion of
                  | mutation]
  4536 | D:4      | Lost mutation: Your spells are a little easier to cast, but
                  | a little less powerful. [potion of mutation]
  4536 | D:4      | Gained mutation: Your mind is acute. (Int +2) [potion of
                  | mutation]
  4536 | D:4      | Gained mutation: You are resistant to hostile enchantments.
                  | (MR+) [potion of mutation]
  4542 | D:4      | Reached *** piety under Lugonu
  4984 | D:4      | Found Hirutub's Food Shop.
  5727 | D:5      | Found a staircase to the Ecumenical Temple.
  5781 | D:5      | Found a stormy altar of Qazlal.
  5818 | D:5      | Reached XP level 8. HP: 54/67 MP: 9/11
  6388 | D:4      | Reached skill level 5 in Axes
  7526 | D:4      | Reached skill level 5 in Invocations
  7583 | D:4      | Reached **** piety under Lugonu
  7583 | D:4      | Reached skill level 5 in Armour
  7850 | D:5      | Found a runed door.
  7854 | D:5      | Noticed Crazy Yiuf
  7856 | D:5      | Killed Crazy Yiuf
  7898 | D:6      | Reached skill level 5 in Fighting
  8656 | D:6      | Noticed Edmund
  8672 | D:6      | Killed Edmund
  8672 | D:6      | Reached XP level 9. HP: 54/74 MP: 13/13
  9781 | D:6      | HP: 1/74 [orc priest/divine providence (11)]
  9788 | D:6      | Reached skill level 1 in Maces & Flails
 11642 | D:7      | Found a snail-covered altar of Cheibriados.
 12030 | D:7      | Found a glowing golden altar of the Shining One.
 12593 | D:7      | Found a hide-covered altar of Uskayaw.
 12654 | D:7      | Reached XP level 10. HP: 79/83 MP: 12/15
 13334 | D:8      | Found Bekeulask's General Store.
 13771 | D:8      | Found Wenumiro's Antique Armour Boutique.
 13814 | D:8      | Bought a steaming ring mail for 261 gold pieces
 13826 | D:8      | Identified the +3 ring mail of Buten {MR- Str+3} (You
                  | bought it in a shop on level 8 of the Dungeon)
 13839 | D:8      | Bought a large shield for 130 gold pieces
 14009 | D:8      | Found Cifeul's Armour Shoppe.
 14037 | D:8      | Noticed Erica
 14252 | D:7      | Killed Erica
 14611 | D:8      | Found a sacrificial altar of Ru.
 14611 | D:8      | Found an iron altar of Okawaru.
 14660 | D:8      | Found Zoeme's Jewellery Shoppe.
 14874 | D:8      | Noticed Psyche
 15207 | D:7      | Killed Psyche
 15271 | D:8      | Reached skill level 1 in Shields
 15316 | D:8      | Found Tiuthrila's Gadget Emporium.
 15395 | D:8      | Noticed Maurice
 15598 | D:9      | Reached skill level 5 in Maces & Flails
 15599 | D:9      | Reached ***** piety under Lugonu
 15880 | D:9      | Found a stormy altar of Qazlal.
 16181 | D:9      | Noticed a two-headed ogre
 16233 | D:9      | Killed a two-headed ogre
 16233 | D:9      | Reached skill level 1 in Throwing
 16443 | D:9      | Reached XP level 11. HP: 86/89 MP: 14/16
 16515 | D:9      | Found a staircase to the Lair.
 16546 | Lair:1   | Entered Level 1 of the Lair of Beasts
 16954 | Lair:1   | Noticed Gastronok
 17012 | Lair:1   | Killed Gastronok
 17228 | Lair:1   | Got a fine chain mail
 17239 | Lair:1   | Identified the +3 chain mail "Kanen" {*Drain rN+ Str+6}
                  | (You found it on level 1 of the Lair of Beasts)
 18051 | Lair:2   | Noticed an eight-headed hydra
 18071 | Lair:2   | Killed an eight-headed hydra
 18974 | Lair:3   | Found a frozen archway.
 19042 | IceCv    | Entered an ice cave
 19042 | IceCv    | Noticed a white ugly thing
 19202 | Lair:3   | Noticed Sonja
 20403 | Lair:3   | Killed Sonja
 20797 | Lair:3   | Reached XP level 12. HP: 65/100 MP: 12/18
 21429 | Lair:4   | Found a staircase to the Snake Pit.
 22011 | Lair:4   | Found a staircase to the Shoals.
 22410 | Lair:5   | Noticed Kirke
 22432 | Lair:5   | Noticed a death yak
 22432 | Lair:5   | Noticed a death yak
 22447 | Lair:4   | Killed Kirke
 22555 | Lair:5   | Noticed a death yak
 22558 | Lair:5   | Noticed a death yak
 22569 | Lair:4   | Killed a death yak
 22731 | Lair:4   | Killed a death yak
 22736 | Lair:4   | Killed a death yak
 22940 | Lair:5   | Killed a death yak
 23041 | Lair:5   | Reached skill level 10 in Invocations
 23388 | Lair:5   | Reached skill level 5 in Shields
 23442 | Lair:5   | Reached XP level 13. HP: 61/107 MP: 12/20
 23775 | Lair:5   | Reached skill level 10 in Armour
 24049 | Lair:5   | Found a staircase to the Slime Pits.
 24501 | Lair:6   | Entered Level 6 of the Lair of Beasts
 26077 | Lair:5   | Reached ****** piety under Lugonu
 26186 | Lair:6   | Reached skill level 10 in Maces & Flails
 26418 | Lair:6   | Reached XP level 14. HP: 111/116 MP: 22/22
 26509 | Lair:6   | Found a runed door.
 26554 | Lair:6   | Paralysed by a hornet for 2 turns
 30183 | D:10     | Entered Level 10 of the Dungeon
 30320 | D:10     | Found a staircase to the Orcish Mines.
 32055 | D:10     | Found Valafywn's Antique Weapon Shoppe.
 32058 | D:10     | Bought a faintly glowing war axe for 204 gold pieces
 32058 | D:10     | Identified the +12 war axe of Ingidghid {venom, Int+5} (You
                  | bought it in a shop on level 10 of the Dungeon)
 32233 | D:11     | Found a runed door.
 32240 | D:11     | Noticed sipior's ghost (novice TrCj)
 32241 | D:11     | Noticed a fire giant
 32261 | D:11     | Killed from afar by a fire giant

Skill      XL: |  1  2  3  4  5  6  7  8  9 10 11 12 13 14 |
---------------+-------------------------------------------+-----
Axes           | 2 3 4 6 |  6.9
Armour         | 2 3 4 5 6 7 9 10 11 | 11.1
Fighting       | 4 5 6 7 8 9 |  9.1
Invocations    | 3 4 5 6 7 9 10 11 | 11.9
Dodging        | 1 2 3 |  3.8
Maces & Flails | 2 5 6 8 10 | 10.8
Shields        | 2 3 5 6 7 |  7.3
Throwing       | 1 |  1.5
Evocations     | |  0.3

Action                   |  1- 3 |  4- 6 |  7- 9 | 10-12 | 13-15 || total
-------------------------+-------+-------+-------+-------+-------++-------
Melee: Hand axe          |    49 |   191 |   320 |    16 |       ||   576
       Kick              |    17 |    31 |   143 |   267 |   383 ||   841
       Bite              |       |     1 |     1 |       |       ||     2
       Flail             |       |       |   177 |   726 |   840 ||  1743
       War axe           |       |       |    59 |       |    10 ||    69
Throw: Tomahawk          |       |       |     2 |       |       ||     2
       Javelin           |       |       |     5 |     7 |     4 ||    16
Invok: Depart the Abyss  |     1 |       |       |       |       ||     1
       Bend Space        |       |       |       |     2 |     2 ||     4
       Banish            |       |       |       |       |     5 ||     5
Evoke: Wand              |       |       |       |     4 |     2 ||     6
  Use: Scroll            |     3 |     4 |     5 |     8 |     6 ||    26
       Potion            |       |     5 |     6 |     3 |     5 ||    19
 Stab: Confused          |       |       |       |     6 |       ||     6
       Petrified         |       |       |       |       |     2 ||     2
  Eat: Chunk             |       |     8 |    14 |    24 |    23 ||    69
       Ration            |       |       |     3 |     4 |     2 ||     9
Armor: Leather armour    |    16 |       |       |       |       ||    16
       Ring mail         |     1 |   116 |    55 |       |       ||   172
       Chain mail        |       |       |    88 |   321 |   381 ||   790
       Plate armour      |       |       |   248 |   170 |       ||   418
       Skin              |       |       |     3 |       |       ||     3
Dodge: Dodged            |    23 |    83 |   173 |    92 |   120 ||   491
Block: Large shield      |       |       |       |   504 |   643 ||  1147
